 Dungeon Crawl Stone Soup version 0.24.0-1-gfbc8707122 (webtiles) character file.

Game seed: 989765007687613843, levelgen mode: deterministic

354 Mrkan the Chopper (level 6, -30/55 HPs)
             Began as a Hill Orc Fighter on Oct 26, 2019.
             Was a Follower of Nemelex Xobeh.
             Killed by a card of wild magic (33 damage)
             ... on level 4 of the Dungeon.
             The game lasted 00:06:09 (2495 turns).

Mrkan the Chopper (Hill Orc Fighter)                Turns: 2495, Time: 00:06:12

Health: -30/55     AC:  8    Str: 21    XL:     6   Next: 63%
Magic:  7/8        EV:  7    Int:  8    God:    Nemelex Xobeh [*.....]
Gold:   112        SH:  9    Dex: 10    Spells: 5/5 levels left

rFire    . . .     SeeInvis .   a - +0 war axe
rCold    . . .     Gourm    .   c - +0 shield
rNeg     . . .     Faith    .   b - +0 scale mail
rPois    .         Spirit   .   o - +0 helmet
rElec    .         Reflect  .   (no cloak)
rCorr    .         Harm     .   (no gloves)
MR       .....                  (no boots)
Stlth    ..........             (no amulet)
HPRegen  0.18/turn              (no ring)
MPRegen  0.11/turn              (no ring)

@: lethally poisoned (-30 -> -34)
A: no striking features
a: Draw Escape, Draw Destruction, Draw Summoning, Renounce Religion


You were on level 4 of the Dungeon.
You worshipped Nemelex Xobeh.
Nemelex Xobeh was aware of your devotion.
You were not hungry.

You visited 1 branch of the dungeon, and saw 4 of its levels.

You collected 112 gold pieces.

Inventory:

Hand Weapons
 a - a +0 war axe (weapon)
Armour
 b - a +0 scale mail (worn)
 c - a +0 shield (worn)
 o - a +0 helmet (worn)
Jewellery
 h - an uncursed amulet of harm {unknown}
 p - an uncursed ring of protection from magic {unknown}
 q - an uncursed ring of protection from fire {unknown}
 s - an uncursed ring of magical power {unknown}
Scrolls
 e - 2 scrolls of amnesia {unknown}
 g - 2 scrolls of noise {unknown}
 i - a scroll of fear {unknown}
 j - a scroll of blinking {unknown}
 k - 3 scrolls of identify {unknown}
 m - a scroll of fog {unknown}
 r - a scroll of remove curse {unknown}
 u - 2 scrolls of teleportation {unknown}
Potions
 d - 2 potions of might
 l - a potion of mutation {unknown}
 n - a potion of curing {unknown}
Comestibles
 f - 4 rations
 t - 5 chunks of flesh


   Skills:
 - Level 4.8 Fighting
 * Level 6.3 Axes
 - Level 3.2 Armour
 + Level 4.6 Shields
 + Level 3.1 Invocations


You had 5 spell levels left.
You didn't know any spells.
Your spell library was empty.

Dungeon Overview and Level Annotations

Branches:
Dungeon (4/15)
 Temple: D:4-7

Altars:
Elyvilon
Gozag
Nemelex Xobeh
The Shining One


Message History

You draw a card...
You have drawn Wild Magic.
The orc is encased in ice!
The orc dies!
There is a sudden explosion of magical energy!
The explosion engulfs the worker ant!!
You kill the worker ant!
The explosion engulfs you!!
Ouch! That really hurt!
* * * LOW HITPOINT WARNING * * *
The explosion engulfs the gnoll!!
You kill the gnoll!
The explosion engulfs the gnoll!!
You kill the gnoll!
There is a sudden and violent explosion of flames!
The fireball engulfs the gnoll shaman!!
You kill the gnoll shaman!
Your Invocations skill increases to level 3!
The fireball engulfs you!!
Ouch! That really hurt!
You die...
Your body disappears without a glow.

#............#
#............#
#............#
#...%........#
#>...........#.
#.......g.....
#....)†)g...#
#....†@)....#
#......)....#
########'#####
######.........#
#..............#
#.....)........##
#......###......#
## #....÷.#
#......# #.#
#......# #......#


You could see 2 gnolls.

Vanquished Creatures
  An ogre (D:3)
  A scorpion (D:3)
  A gnoll shaman (D:4)
  2 worker ants
  4 adders
  3 gnolls (D:4)
  2 worms (D:2)
  2 dart slugs (D:1)
  A leopard gecko (D:2)
  3 orcs
  2 ball pythons
  5 bats
  5 giant cockroaches
  12 goblins
  6 hobgoblins
  4 jackals
  9 kobolds
  2 quokkas (D:2)
  6 frilled lizards
  8 rats
79 creatures vanquished.

Vanquished Creatures (others)
  An orc (D:4)
1 creature vanquished.

Grand Total: 80 creatures vanquished

Notes
Turn   | Place    | Note
-------+----------+-------------------------------------------
     0 | D:1      | Mrkan the Hill Orc Fighter began the quest for the Orb.
     0 | D:1      | Reached XP level 1. HP: 19/19 MP: 1/1
    45 | D:1      | Reached skill level 3 in Axes
    47 | D:1      | Reached XP level 2. HP: 25/27 MP: 2/2
   266 | D:1      | Reached XP level 3. HP: 26/33 MP: 3/3
   508 | D:2      | Found a sparkling altar of Nemelex Xobeh.
   521 | D:2      | Reached skill level 4 in Axes
   525 | D:2      | Became a worshipper of Nemelex Xobeh the Trickster
   551 | D:2      | You fall into a shaft and drop 1 floor!
   551 | D:3      | Received a gift from Nemelex Xobeh
   860 | D:2      | Reached XP level 4. HP: 33/40 MP: 4/4
   903 | D:2      | Received a gift from Nemelex Xobeh
  1077 | D:2      | Reached skill level 1 in Invocations
  1263 | D:2      | Reached * piety under Nemelex Xobeh
  1529 | D:3      | Noticed an ogre
  1538 | D:3      | HP: 2/40 [ogre/+0 giant club (20)]
  1610 | D:3      | Killed an ogre
  1610 | D:3      | Reached skill level 5 in Axes
  1610 | D:3      | Reached XP level 5. HP: 13/47 MP: 4/6
  2025 | D:3      | Found a glowing golden altar of the Shining One.
  2312 | D:3      | Reached XP level 6. HP: 53/53 MP: 7/7
  2383 | D:3      | Received a gift from Nemelex Xobeh
  2390 | D:3      | Found a white marble altar of Elyvilon.
  2454 | D:4      | Found an opulent altar of Gozag.
  2494 | D:4      | Reached skill level 6 in Axes
  2495 | D:4      | Killed by a card of wild magic

Levels and vault maps discovered:
D:1:      scummos_arrival_hexagon, layout_basic
D:2:      layout_basic, old_standard_altar, minmay_quantized
D:3:      layout_basic, lemuel_crystal_altar, tso_oasis_becter, first_ration,
          minmay_between
D:4:      layout_basic, kennysheep_mini, minitemple, minmay_temple_entry_fiery

Skill      XL: |  1  2  3  4  5  6 |
---------------+-------------------+-----
Axes           | 3 4 5 6 |  6.3
Fighting       | 4 |  4.8
Invocations    | 1 2 3 |  3.1
Shields        | 4 |  4.6
Armour         | |  3.2

Action                   |  1- 3 |  4- 6 || total
-------------------------+-------+-------++-------
Melee: War axe           |   147 |    96 ||   243
 Abil: Draw Destruction  |       |     1 ||     1
  Use: Potion            |       |     1 ||     1
  Eat: Chunk             |       |     6 ||     6
Armor: Scale mail        |    68 |    38 ||   106
Dodge: Dodged            |    51 |    41 ||    92
Block: Shield            |    76 |    51 ||   127
